 Dungeon Crawl Stone Soup version 0.13.0 (webtiles) character file.

120 Sugram the Grasshopper (level 2, 0/12 HPs)
             Began as a Felid Warper on Oct 11, 2013.
             Slain by a jackal (1 damage)
             ... on Level 2 of the Dungeon.
             The game lasted 00:22:46 (685 turns).

Sugram the Grasshopper (Felid Warper)                Turns: 685, Time: 00:22:47

HP   0/12        AC  1     Str  7      XL: 2   Next: 27%
MP   4/4         EV 18     Int 14      God:
Gold 106         SH  0     Dex 15      Spells:  1 memorised,  4 levels left
Lives: 0, deaths: 0

Res.Fire  : . . .   See Invis. : +     - Unarmed
Res.Cold  : . . .   Warding    : .   (armour unavailable)
Life Prot.: . . .   Conserve   : .   (shield unavailable)
Res.Poison: .       Res.Corr.  : .   (helmet unavailable)
Res.Elec. : .       Clarity    : .   (cloak unavailable)
Sust.Abil.: . .     Spirit.Shd : .   (gloves unavailable)
Res.Mut.  : .       Stasis     : .   (boots unavailable)
Res.Rott. : .       Flight     : .   (no amulet)
Saprovore : . . .                    (no ring)
                                     (no ring)

@: quick, slightly resistant to hostile enchantments, fairly stealthy
A: paw claws, no armour, no advanced items, fangs 3, see invisible, carnivore 3,
speed 1, slow metabolism 1, AC +1
a: no special abilities


You were on level 2 of the Dungeon.
You were not hungry.

You visited 1 branch of the dungeon, and saw 2 of its levels.

You collected 56 gold pieces.

Inventory:

Comestibles
 g - a meat ration
 j - a chunk of kobold flesh
Scrolls
 d - a scroll of blinking
 e - a scroll of fear {unknown}
 h - 2 scrolls of curse jewellery {unknown}
 i - 2 scrolls of teleportation {unknown}
 k - 2 scrolls of identify {unknown}
Potions
 b - a potion of speed {unknown}
 l - a potion of heal wounds {unknown}
 m - a potion of brilliance {unknown}
Books
 c - a book of Spatial Translocations

   Spells                             Type                      Level
   *Apportation                       Translocation                1
   Portal Projectile                  Translocation                2
   Blink                              Translocation                2
   Shroud of Golubria                 Charms/Translocation         2
   Teleport Other                     Translocation                3
   Passage of Golubria                Translocation                4
Carrion
 o - a rat skeleton


   Skills:
 + Level 2.0 Fighting
 + Level 3.2 Dodging
 + Level 2.2 Unarmed Combat
 + Level 2.2 Spellcasting
 + Level 4.8 Translocations


You had 4 spell levels left.
You knew the following spells:

 Your Spells              Type           Power        Failure   Level  Hunger
a - Apportation           Tloc           ###.......   3%          1    #......


Dungeon Overview and Level Annotations

Branches:
Dungeon (2/27)

Altars:


Innate Abilities, Weirdness & Mutations

You cannot wear armour.
You are incapable of any advanced item manipulation.
Your paws have sharp claws.
You have razor-sharp teeth.
You have supernaturally acute eyesight.
You are carnivorous and can eat meat at any time.
You cover ground quickly.
You are covered in fur (AC +1).
You have a slow metabolism.


Message History

You kill the rat!
The bat misses you.
A jackal comes into view.
The bat closely misses you.
You scratch the bat.
You kill the bat!
The jackal bites you.
* * * LOW HITPOINT WARNING * * *
You scratch the jackal but do no damage.
The jackal closely misses you.
You scratch the jackal.
The jackal begins to bleed from its wounds!
The jackal is moderately wounded.
The jackal barely misses you.
You scratch the jackal but do no damage.
The jackal is moderately wounded.
The jackal bites you.
* * * LOW HITPOINT WARNING * * *
The jackal bites you.
You die...

#.......######
#####[...........#
#........######.##.
#.######......#.... #.#
#.####.#.### .### #.# #.#
#...)...
..?...##'######.#........#
........%....##.#.######.#
.........@h#.##.# #.#
..........+ #.# #.#
..........# #.###.#
....####### #...... ###
######. #. #. #.###.
#.....


You could see a jackal (bleeding).

Vanquished Creatures
  A giant gecko (D:1)
  A giant cockroach (D:1)
  A hobgoblin (D:1)
  2 jackals (D:2)
  A bat (D:2)
  A goblin (D:1)
  4 kobolds
  2 rats
13 creatures vanquished.

Notes
Turn   | Place    | Note
--------------------------------------------------------------
     0 | D:1      | Sugram, the Felid Warper, began the quest for the Orb.
     0 | D:1      | Reached XP level 1. HP: 9/9 MP: 2/2
   534 | D:1      | Reached XP level 2. HP: 10/12 MP: 4/4
   685 | D:2      | Slain by a jackal

Action                   || total
-------------------------++-------
Melee: Unarmed           ||    41
 Cast: Apportation       ||     1
  Use: Scroll            ||     1
